 Dungeon Crawl Stone Soup version 0.29.1 (webtiles) character file.

Game seed: 10403099318425793893

2713 raistware the Destroyer (level 9, -9/53 HPs)
             Began as an Octopode Conjurer on Sept 14, 2022.
             Was an Initiate of Vehumet.
             Killed from afar by an electric eel (13 damage)
             ... with a bolt of electricity
             ... on level 8 of the Dungeon.
             The game lasted 00:22:48 (10983 turns).

raistware the Destroyer (Octopode Conjurer)        Turns: 10983, Time: 00:22:48

Health: -9/53      AC:  1    Str:  6    XL:     9   Next: 66%
Magic:  19/21      EV: 13    Int: 25    God:    Vehumet [......]
Gold:   605        SH:  0    Dex: 10    Spells: 19/25 levels left

rFire   . . .      SeeInvis +   D - +1 dagger (speed)
rCold   . . .      Faith    .   (no shield)
rNeg    . . .      Spirit   .   (helmet restricted)
rPois   +          Reflect  .   (no amulet)
rElec   .          Harm     .   d - ring of poison resistance
rCorr   .          Rampage  .   m - ring of see invisible
Will    +....                   F - ring of willpower
Stlth   +++.......              (no ring)
HPRegen 0.17/turn               (no ring)
MPRegen 0.17/turn               (no ring)
                                (no ring)
                                (no ring)

@: no status effects
A: almost no armour, amphibious, 8 rings, camouflage 1, gelatinous body 1,
(nimble swimmer 1), tentacles
a: Renounce Religion


You were on level 8 of the Dungeon.
You worshipped Vehumet.
Vehumet was noncommittal.
You visited 2 branches of the dungeon, and saw 11 of its levels.

You collected 605 gold pieces.

Inventory:

Hand Weapons
 D - a +1 dagger of speed (weapon)
Missiles
 b - 41 poisoned darts
Jewellery
 d - a ring of poison resistance (left tentacle)
 m - a ring of see invisible (right tentacle)
 F - a ring of willpower (on tentacle)
Wands
 r - a wand of paralysis (3)
 z - a wand of digging (9)
 C - a wand of polymorph (6)
Scrolls
 f - 3 scrolls of identify {unknown}
 g - a scroll of immolation {unknown}
 j - 2 scrolls of butterflies {unknown}
 k - a scroll of noise {unknown}
 n - 2 scrolls of enchant weapon {unknown}
 o - 2 scrolls of enchant armour {unknown}
 q - 2 scrolls of amnesia {unknown}
 s - a scroll of torment {unknown}
 t - a scroll of poison {unknown}
 u - 3 scrolls of blinking {unknown}
 w - 5 scrolls of teleportation {unknown}
 y - a scroll of silence {unknown}
 E - 2 scrolls of fear {unknown}
Potions
 a - a potion of magic
 c - 6 potions of curing
 e - 2 potions of berserk rage {unknown}
 h - 5 potions of ambrosia {unknown}
 i - 3 potions of attraction {unknown}
 l - 2 potions of lignification {unknown}
 p - a potion of cancellation {unknown}
 v - a potion of mutation {unknown}
 x - a potion of haste {unknown}
 A - a potion of flight {unknown}
 B - 2 potions of might {unknown}


   Skills:
 - Level 1.0 Fighting
 - Level 3.0 Dodging
 - Level 3.0 Stealth
 + Level 8.9 Spellcasting
 + Level 9.0 Conjurations
 - Level 2.0 Translocations
 - Level 1.0 Evocations


You had 19 spell levels left.
You knew the following spells:

 Your Spells              Type           Power      Damage    Failure   Level
a - Magic Dart            Conj           100%       1d8       1%          1
b - Iskenderun's Mystic   Conj/Tloc      38%        2d9       5%          4
z - Apportation           Tloc           42%        N/A       2%          1

Your spell library contained the following spells:

 Spells                   Type           Power      Damage    Failure   Level
 Searing Ray              Conj           100%       2d8       1%          2
 Dazzling Flash           Conj/Hex       66%        N/A       2%          3
 Necrotise                Necr           44%        1d6       5%          1
 Summon Small Mammal      Summ           44%        N/A       5%          1
 Gell's Gravitas          Tloc           21%        N/A       8%          3
 Lesser Beckoning         Tloc           21%        N/A       8%          3
 Teleport Other           Tloc           21%        N/A       8%          3
 Ensorcelled Hibernation  Hex/Ice        22%        N/A       9%          2
 Passwall                 Tmut/Erth      9%         N/A       9%          2
 Fulminant Prism          Conj/Hex       16%        3d11      9%          4
 Call Canine Familiar     Summ           11%        N/A       17%         3
 Inner Flame              Hex/Fire       11%        N/A       17%         3
 Summon Guardian Golem    Hex/Summ       11%        N/A       17%         3
 Swiftness                Air            11%        N/A       17%         3
 Cause Fear               Hex            5%         N/A       50%         4
 Dispersal                Tloc           10%        N/A       98%         6
 Discord                  Hex            5%         N/A       100%        8


Dungeon Overview and Level Annotations

Branches:
Dungeon (10/15)            Temple (1/1) D:6
   Lair: D:8-11         Orc: D:9-12

Altars:
Cheibriados
Dithmenos
Elyvilon
Fedhas
Hepliaklqana
Makhleb
Nemelex Xobeh
Okawaru
Ru
Sif Muna
Trog
Vehumet
Wu Jian
Xom
Yredelemnul
The Shining One

Shops:
D:3 [   D:5 *   D:6 (


Innate Abilities, Weirdness & Mutations

You cannot wear most types of armour.
You are amphibious.
You can wear up to eight rings at the same time.
Your skin changes colour to match your surroundings (Stealth+).
Your rubbery body absorbs attacks. (AC +1, EV +1)
((You are camouflaged when in or above water. (Stealth+)))
You have tentacles for arms and can constrict up to eight enemies at once.


Message History

The magic dart hits the centaur simulacrum!
The centaur simulacrum is severely damaged.
The magic dart hits the centaur simulacrum!
The centaur simulacrum vaporises!
Vehumet accepts your kill.
You can't see any susceptible monsters within range! (Use Z to cast anyway.)
There is a stone staircase leading down here.
A centaur and an electric eel come into view.
The electric eel shoots out a bolt of lightning at you!
The bolt of electricity hits you.
An electric eel comes into view.
The electric eel shoots out a bolt of lightning at you!
The bolt of electricity hits you!
The electric eel moves out of view.
There is a stone staircase leading up here.
You climb upwards.
The troll shouts!
You hear a bark!
You hear an angry hiss.
You hear a bark!
Found a stone staircase leading up.
There is a stone staircase leading down here.
Casting: Magic Dart (safe; 1% risk of failure)
Confirm with . or Enter, or press ? or * to list all spells.
Aiming: Magic Dart (safe; 1% risk of failure)
Press: ? - help, Shift-Dir - straight line, f - electric eel
Aim: an electric eel (wandering, hasn't noticed you, 100% to hit)
The magic dart hits the electric eel.
The electric eel is moderately wounded.
The electric eel shoots out a bolt of lightning at you!
The bolt of electricity hits you! x2
* * * LOW HITPOINT WARNING * * *
Casting: Magic Dart (safe; 1% risk of failure)
Confirm with . or Enter, or press ? or * to list all spells.
Aiming: Magic Dart (safe; 1% risk of failure)
Press: ? - help, Shift-Dir - straight line, f/p - electric eel
Aim: an electric eel (moderately wounded, 100% to hit)
The magic dart hits the electric eel.
The electric eel is moderately wounded.
The electric eel shoots out a bolt of lightning at you!
The bolt of electricity hits you.
* * * LOW HITPOINT WARNING * * *
The bolt of electricity hits you!
You die...

#### ##...
##...####..#
#...........
#..@#
............<..
...........####
.~~...~....#
~~S.T.~~.....
~≈~.~.≈≈~.....
~≈~.~≈≈≈~....#.
≈~~.~≈≈~~......


You could see a troll and an electric eel.

Vanquished Creatures
  Grinder (D:3)
  Sigmund (D:5)
  An ice beast (D:5)
  A sky beast (D:6)
  4 ogres
  2 phantoms (D:4)
  3 kobold brigands (D:3)
  Blork the orc (D:6)
  A gnoll sergeant (D:7)
  3 scorpions
  2 howler monkeys
  4 orc priests
  7 hounds
  A jelly (D:4)
  4 iguanas
  Ijyb (D:4)
  Natasha (thrice) (D:2)
  3 orc wizards
  A centaur simulacrum (D:9)
  A mummy (D:4)
  Robin (D:2)
  19 gnolls
  7 adders
  A shadow imp (D:5)
  2 white imps
  2 worms
  2 dart slugs
  11 orcs
  6 endoplasms
  A giant cockroach (D:1)
  14 goblins
  9 hobgoblins
  49 kobolds
  2 quokkas (D:1)
  5 ball pythons
  9 bats
  5 frilled lizards
  4 rats
  A spectral orc (D:7)
195 creatures vanquished.

Notes
Turn   | Place    | Note
-------+----------+-------------------------------------------
     0 | D:1      | raistware the Octopode Conjurer began the quest for the
                  | Orb.
     0 | D:1      | Reached XP level 1. HP: 11/11 MP: 3/3
   227 | D:1      | Found a faded altar of an unknown god.
   273 | D:1      | Reached XP level 2. HP: 17/17 MP: 1/5
  1123 | D:2      | Reached XP level 3. HP: 21/21 MP: 2/7
  1481 | D:2      | Noticed Robin
  1673 | D:2      | Killed Robin
  1738 | D:2      | Reached XP level 4. HP: 21/27 MP: 4/9
  1743 | D:2      | Learned a level 4 spell: Iskenderun's Mystic Blast
  2024 | D:2      | Reached skill level 1 in Translocations
  2563 | D:2      | Noticed Natasha
  2567 | D:2      | Killed Natasha
  2568 | D:2      | Reached XP level 5. HP: 31/31 MP: 6/11
  2868 | D:2      | Noticed Natasha
  2873 | D:2      | Killed Natasha
  3008 | D:2      | Noticed Natasha
  3013 | D:2      | Killed Natasha
  3461 | D:3      | Reached XP level 6. HP: 36/36 MP: 7/12
  3536 | D:3      | Noticed Grinder
  3541 | D:3      | Paralysed by Grinder for 2 turns
  3575 | D:3      | Killed Grinder
  3576 | D:3      | Reached skill level 5 in Spellcasting
  3576 | D:3      | Reached skill level 5 in Conjurations
  3645 | D:3      | Reached XP level 7. HP: 41/41 MP: 9/15
  3797 | D:3      | Found Gohush's Armour Boutique.
  4673 | D:3      | Reached skill level 6 in Conjurations
  5954 | D:4      | Reached XP level 8. HP: 13/46 MP: 7/17
  6485 | D:4      | Reached skill level 7 in Conjurations
  6615 | D:4      | Found a snail-covered altar of Cheibriados.
  6914 | D:4      | Noticed Ijyb
  6945 | D:4      | Killed Ijyb
  7147 | D:4      | Learned a level 1 spell: Apportation
  7295 | D:5      | Entered Level 5 of the Dungeon
  7359 | D:4      | Reached skill level 8 in Conjurations
  7518 | D:5      | Noticed Sigmund
  7585 | D:5      | Found a blossoming altar of Fedhas.
  7592 | D:5      | Reached XP level 9. HP: 23/51 MP: 4/21
  7892 | D:5      | Found Winameh's Elemental Accessories.
  8035 | D:5      | Killed Sigmund
  8036 | D:5      | Reached skill level 1 in Fighting
  8036 | D:5      | Reached skill level 1 in Evocations
  8235 | D:5      | Found an iron altar of Okawaru.
  8836 | D:5      | Found a sacrificial altar of Ru.
  8836 | D:5      | Found a shimmering blue altar of Sif Muna.
  8966 | D:6      | Noticed Blork the orc
  8976 | D:6      | Killed Blork the orc
  9394 | D:6      | Found Aqibuwier's Weapon Shop.
  9763 | D:6      | Found a staircase to the Ecumenical Temple.
  9831 | Temple   | Entered the Ecumenical Temple
  9914 | Temple   | Became a worshipper of Vehumet
 10340 | D:6      | Found a white marble altar of Elyvilon.
 10349 | D:6      | Found a bloodstained altar of Trog.
 10558 | D:7      | Found a basalt altar of Yredelemnul.
 10886 | D:7      | You fall into a shaft and drop 3 floors!
 10886 | D:10     | Entered Level 10 of the Dungeon
 10910 | D:9      | Reached skill level 9 in Conjurations
 10981 | D:8      | Noticed a troll
 10983 | D:8      | Killed from afar by an electric eel

Illustrated notes

Levels and vault maps discovered:
D:1:      shiori_arrival_whats_in_store_for_you, layout_basic,
          hellmonk_ecumenical_altar_heavens_door, corexii_leaking_fountain,
          minmay_pentomino_w2
D:2:      layout_basic, grunt_ministairs_5, minmay_between, uniq_robin,
          uniq_natasha
D:3:      minmay_goblin_kobold_castle, layout_basic, serial_shops,
          nicolae_shop_statue_plus, uniq_grinder
D:4:      layout_basic, slow_altar_1, minmay_door_square, dk_noncrumbling_3,
          mrwooster_statue_mirror, kennysheep_cross_room, uniq_ijyb
D:5:      layout_layer_cave, gammafunk_temple_overflow_statue, okawaru_trees_2,
          fedhas_altar_fruit_tree, nicolae_elemental_shop, uniq_sigmund
D:6:      layout_layer_cave, mainiacjoe_overflow_swirl,
          minmay_temple_entry_antechambers, serial_shops, nicolae_diamond_shop,
          uniq_blork_the_orc
D:7:      layout_loops_corners, yredelemnul_forgotten_temple_becter,
          enter_bailey_8
D:8:      minmay_angry_zag, layout_loops_cross,
          mainiacjoe_overflow_concentric_impassable, nicolae_gozag_seed_capital,
          erik_lair_island, serial_glass, glass_columns_a, glass_columns_a,
          nicolae_shop_self_help, uniq_amaemon
D:9:      layout_loops_ring, nicolae_uskayaw_dance_studio, zin_scriptorium,
          hiddenorc1_lemuel, serial_ice, serial_ice_f, serial_ice_l,
          serial_ice_e, serial_ice_c, serial_ice_m
D:10:     layout_basic, mainiacjoe_overflow_24_doors, uniq_urug
Temple:   grunt_temple_mini_profane

Skill      XL: |  1  2  3  4  5  6  7  8  9 |
---------------+----------------------------+-----
Spellcasting   | 3 4 5 6 8 |  8.9
Translocations | 2 |  2.0
Conjurations   | 5 6 8 9 |  9.0
Stealth        | 3 |  3.0
Fighting       | 1 |  1.0
Dodging        | 3 |  3.0
Evocations     | 1 |  1.0

Action                   |  1- 3 |  4- 6 |  7- 9 || total
-------------------------+-------+-------+-------++-------
Melee: Unarmed           |    10 |    31 |    32 ||    73
       Constrict         |     4 |     8 |    12 ||    24
       Tentacles         |     1 |    10 |    23 ||    34
       Punch             |       |       |     1 ||     1
       Dagger            |       |       |    19 ||    19
 Cast: Magic Dart        |    73 |    97 |   416 ||   586
       Iskenderun's Myst |       |       |    12 ||    12
Evoke: Wand              |       |     1 |    11 ||    12
  Use: Potion            |       |     1 |     1 ||     2
 Stab: Paralysed         |       |     6 |     8 ||    14
Armor: Skin              |     1 |     6 |     8 ||    15
Dodge: Dodged            |    13 |    23 |    98 ||   134
